Minnesota North Stars vs Colorado Rockies
Created - Sunday, May 21, 2023 at 07:00
Goals
|
| Minnesota North Stars |
0 |
1 |
0 |
1 |
| Colorado Rockies |
1 |
1 |
0 |
2 |
|
Shots
|
| Minnesota North Stars |
14 |
4 |
13 |
31 |
| Colorado Rockies |
11 |
11 |
6 |
28 |
|
1st period
1. Colorado Rockies , Kevin Hayes 11 (Jakub Vrana 8) at 11:03
Penalties :
Roman Josi (COL) for High sticking (Minor) at 15:18, Shea Theodore (COL) for Roughing (Minor) at 18:09
2nd period
2. Colorado Rockies , Evgeny Kuznetsov 19 (Nikita Kucherov 49) at 1:45 (PP)
3. Minnesota North Stars , Conor Sheary 7 (Andrew Poturalski 13) at 19:46
Penalties :
Evgeni Malkin (MNS) for Tripping (Minor) at 1:42, Jakub Vrana (COL) for Interference (Minor) at 3:18, David Perron (MNS) for Tripping (Minor) at 13:27
3rd period
No Goal
Penalties :
Victor Hedman (COL) for Hooking (Minor) at 0:43, Nino Niederreiter (MNS) for Roughing (Minor) at 3:21, Evgeny Kuznetsov (COL) for Interference (Minor) at 6:23, Rasmus Dahlin (MNS) for Holding (Minor) at 8:38
Goalie Stats
Antti Raanta (MNS), 26 saves from 28 shots - (0.929), L, 10-10-3, 59:00 minutes
Andrei Vasilevskiy (COL), 30 saves from 31 shots - (0.968), W, 29-10-2, 60:00 minutes
Players Stats for Minnesota North Stars
Player Name G A P +/- PIM S H SB GA TA FO MP PP MP PK MP
------------------------------------------------------------------------------------
Adam Lowry 0 0 0 -1 0 3 4 1 1 0 4/8 12:54 0:00 1:32
Alex Goligoski 0 0 0 1 0 2 0 0 0 0 0/0 16:44 4:05 0:00
Andrew Poturalski 0 1 1 1 0 0 2 2 0 0 1/3 6:39 0:00 0:00
Conor Sheary 1 0 1 1 0 2 0 0 0 0 0/0 6:39 0:00 0:00
David Perron 0 0 0 0 2 1 1 2 2 1 1/3 22:07 5:29 1:02
Evgeni Malkin 0 0 0 0 2 3 0 0 1 0 12/29 20:25 5:32 0:00
Gustav Forsling 0 0 0 -1 0 1 0 0 0 0 0/0 23:16 5:50 2:28
Gustav Nyquist 0 0 0 -1 0 3 0 0 1 1 0/1 12:52 0:07 1:33
Jack Hughes 0 0 0 0 0 8 2 1 1 0 1/2 23:21 5:39 2:45
Jeff Skinner 0 0 0 0 0 0 0 3 1 1 0/0 15:20 4:16 0:00
Jonathan Toews 0 0 0 0 0 0 1 0 0 0 8/12 18:24 4:16 3:04
Neal Pionk 0 0 0 -1 0 1 0 2 0 0 0/0 20:37 4:05 2:44
Nick Holden 0 0 0 1 0 0 0 2 0 2 0/0 13:20 0:00 1:03
Nino Niederreiter 0 0 0 1 2 1 0 0 0 0 0/0 6:54 0:00 0:00
Rasmus Dahlin 0 0 0 0 2 2 0 2 0 0 0/0 26:05 5:50 2:13
Viktor Arvidsson 0 0 0 0 0 3 0 0 1 0 0/1 15:20 4:16 0:00
Yegor Sharangovich 0 0 0 -1 0 0 0 0 0 2 0/0 12:59 0:10 2:04
Zdeno Chara 0 0 0 0 0 1 0 1 0 1 0/0 20:00 0:00 3:32
Players Stats for Colorado Rockies
Player Name G A P +/- PIM S H SB GA TA FO MP PP MP PK MP
------------------------------------------------------------------------------------
David Pastrnak 0 0 0 0 0 2 1 0 1 0 0/2 14:09 3:03 0:00
Dylan Strome 0 0 0 0 0 1 0 1 0 0 3/5 11:13 0:00 0:00
Evgeny Kuznetsov 1 0 1 0 2 5 2 1 0 0 14/25 16:50 2:57 0:00
Jakub Vrana 0 1 1 0 2 1 1 0 1 0 0/0 7:14 0:00 0:00
Jesper Bratt 0 0 0 0 0 3 0 0 2 0 0/0 11:13 0:00 0:00
Kevin Hayes 1 0 1 0 0 3 0 0 0 0 0/2 13:17 0:00 5:31
Kyle Connor 0 0 0 0 0 0 1 0 2 0 0/0 19:47 2:57 3:01
Nick Bonino 0 0 0 0 0 1 0 0 0 0 2/5 10:10 0:00 3:01
Nick Schmaltz 0 0 0 0 0 0 1 0 0 1 0/0 15:28 3:03 1:13
Nikita Kucherov 0 1 1 0 0 6 0 0 0 0 0/1 16:46 2:57 0:00
Quinn Hughes 0 0 0 0 0 0 0 0 0 0 0/0 19:15 3:04 2:48
Roman Josi 0 0 0 0 2 0 3 2 0 2 0/0 23:13 2:56 5:00
Ryan O'Reilly 0 0 0 0 0 0 1 0 0 1 13/19 20:30 3:03 5:40
Shea Theodore 0 0 0 0 2 2 0 2 1 0 0/0 17:33 0:00 3:18
Tim Stutzle 0 0 0 0 0 2 3 0 0 0 0/0 12:47 0:00 1:23
Victor Hedman 0 0 0 0 2 1 4 3 1 3 0/0 24:25 2:56 4:27
Zach Werenski 0 0 0 0 0 0 0 5 0 1 0/0 22:34 3:04 4:17
Zach Whitecloud 0 0 0 0 0 1 1 2 0 0 0/0 13:34 0:00 0:00
3 Stars
1 - Andrei Vasilevskiy (COL)
2 - Conor Sheary (MNS)
3 - Kevin Hayes (COL)
Power Play
Minnesota North Stars - 0 on 7 Attempt(s) - 0.00%
Colorado Rockies - 1 on 3 Attempt(s) - 33.33%
Penalty Kill
Minnesota North Stars - 2 on 3 Attempt(s) - 66.67%
- Score 0 goal in Penalty Kill
Colorado Rockies - 7 on 7 Attempt(s) - 100.00%
- Score 0 goal in Penalty Kill
Team Stat
Minnesota North Stars - Hits : 10 - Faceoff Wins : 27 - Blocked Shots : 16 - Penalty Minutes : 8
Colorado Rockies - Hits : 18 - Faceoff Wins : 32 - Blocked Shots : 16 - Penalty Minutes : 10
Official
Referees : Mark Lemelin and TJ Luxmore
Linesman : Devin Berg and Brian Murphy
Game Notes
9:02 of 1st period - Penalty Shot by Nick Schmaltz for Colorado Rockies - Stopped by Antti Raanta
7:16 of 3rd period - Penalty Shot by Zach Werenski for Colorado Rockies - Stopped by Antti Raanta
Finance
Level 1 -- Attendance: 6000 (100.00%) -- Ticket Income $540,000
Level 2 -- Attendance: 4587 (91.74%) -- Ticket Income $252,285
Level 3 -- Attendance: 2278 (75.93%) -- Ticket Income $79,730
Level 4 -- Attendance: 4315 (86.30%) -- Ticket Income $107,875
Luxury Box -- Attendance: 1000 (100.00%) -- Ticket Income $175,000
Game was played at the Pepsi Center.
Total Attendance: 18180 (90.90%)
Total Ticket Income: $1,154,890
Other Income: $404,212
Total Income: $1,559,102
Minnesota North Stars
5 vs 5 Forward
Center Left Wing Right Wing Time % Phy DF OF
1 Evgeni Malkin Jack Hughes David Perron 40 1 2 2
2 Jonathan Toews Jeff Skinner Viktor Arvidsson 31 1 2 2
3 Adam Lowry Yegor Sharangovich Gustav Nyquist 24 1 2 2
4 Andrew Poturalski Conor Sheary Nino Niederreiter 5 1 2 2
5 vs 5 Defense
Defense Defense Time % Phy DF OF
1 Rasmus Dahlin Zdeno Chara 40 1 2 2
2 Neal Pionk Gustav Forsling 30 1 2 2
3 Alex Goligoski Nick Holden 20 1 2 2
4 Rasmus Dahlin Zdeno Chara 10 1 2 2
PowerPlay Forward
Center Left Wing Right Wing Time % Phy DF OF
1 Evgeni Malkin Jack Hughes David Perron 60 1 2 2
2 Jonathan Toews Jeff Skinner Viktor Arvidsson 40 1 2 2
PowerPlay Defense
Defense Defense Time % Phy DF OF
1 Rasmus Dahlin Gustav Forsling 60 1 2 2
2 Neal Pionk Alex Goligoski 40 1 2 2
Penalty Kill 4 Players Forward
Center Wing Time % Phy DF OF
1 Jonathan Toews Jack Hughes 60 1 2 2
2 Adam Lowry David Perron 40 1 2 2
Penalty Kill 4 Players Defense
Defense Defense Time % Phy DF OF
1 Rasmus Dahlin Zdeno Chara 60 1 2 2
2 Neal Pionk Gustav Forsling 40 1 2 2
Penalty Kill - 3 Players Forward
Forward Time % Phy DF OF
1 Jonathan Toews 60 1 2 2
2 Adam Lowry 40 1 2 2
Penalty Kill - 3 Players Defense
Defense Defense Time % Phy DF OF
1 Nick Holden Zdeno Chara 60 1 2 2
2 Neal Pionk Gustav Forsling 40 1 2 2
4 vs 4 Forward
Center Wing Time % Phy DF OF
1 Evgeni Malkin Jack Hughes 60 1 2 2
2 Jonathan Toews David Perron 40 1 2 2
4 vs 4 Defense
Defense Defense Time % Phy DF OF
1 Rasmus Dahlin Gustav Forsling 60 1 2 2
2 Neal Pionk Alex Goligoski 40 1 2 2
Last Minutes Offensive
Center Left Wing Right Wing Defense Defense
Evgeni Malkin Jack Hughes David Perron Rasmus Dahlin Gustav Forsling
Last Minutes Defensive
Center Left Wing Right Wing Defense Defense
Jonathan Toews Adam Lowry Yegor Sharangovich Rasmus Dahlin Gustav Forsling
Goaltenders
Starting : Antti Raanta
Backup : Brian Elliott
Extra Forwards
Normal : Evgeni Malkin, Jack Hughes, Jeff Skinner - PP : Evgeni Malkin, Jack Hughes - PK : Jonathan Toews
Extra Defensemen
Normal : Rasmus Dahlin, Neal Pionk, Gustav Forsling - PP : Rasmus Dahlin - PK : Nick Holden, Neal Pionk
Penalty Shots
Evgeni Malkin, Jack Hughes, Jeff Skinner, David Perron, Yegor Sharangovich
Colorado Rockies
5 vs 5 Forward
Center Left Wing Right Wing Time % Phy DF OF
1 Evgeny Kuznetsov Kyle Connor Nikita Kucherov 39 1 2 2
2 Ryan O'Reilly Nick Schmaltz David Pastrnak 33 1 2 2
3 Dylan Strome Tim Stutzle Jesper Bratt 20 1 2 2
4 Nick Bonino Kevin Hayes Jakub Vrana 8 1 2 2
5 vs 5 Defense
Defense Defense Time % Phy DF OF
1 Victor Hedman Zach Werenski 36 1 2 2
2 Quinn Hughes Roman Josi 30 1 2 2
3 Shea Theodore Zach Whitecloud 28 1 2 2
4 Zach Werenski Victor Hedman 6 1 2 2
PowerPlay Forward
Center Left Wing Right Wing Time % Phy DF OF
1 Evgeny Kuznetsov Kyle Connor Nikita Kucherov 60 1 1 3
2 Ryan O'Reilly Nick Schmaltz David Pastrnak 40 1 2 2
PowerPlay Defense
Defense Defense Time % Phy DF OF
1 Victor Hedman Roman Josi 60 1 2 2
2 Zach Werenski Quinn Hughes 40 1 2 2
Penalty Kill 4 Players Forward
Center Wing Time % Phy DF OF
1 Ryan O'Reilly Kevin Hayes 60 1 2 2
2 Nick Bonino Kyle Connor 40 1 2 2
Penalty Kill 4 Players Defense
Defense Defense Time % Phy DF OF
1 Roman Josi Victor Hedman 60 1 2 2
2 Zach Werenski Shea Theodore 40 1 2 2
Penalty Kill - 3 Players Forward
Forward Time % Phy DF OF
1 Kevin Hayes 60 1 2 2
2 Ryan O'Reilly 40 1 2 2
Penalty Kill - 3 Players Defense
Defense Defense Time % Phy DF OF
1 Roman Josi Victor Hedman 60 1 2 2
2 Zach Werenski Shea Theodore 40 1 2 2
4 vs 4 Forward
Center Wing Time % Phy DF OF
1 Evgeny Kuznetsov Nikita Kucherov 60 1 2 2
2 Ryan O'Reilly David Pastrnak 40 1 2 2
4 vs 4 Defense
Defense Defense Time % Phy DF OF
1 Zach Werenski Roman Josi 60 1 2 2
2 Victor Hedman Quinn Hughes 40 1 2 2
Last Minutes Offensive
Center Left Wing Right Wing Defense Defense
Evgeny Kuznetsov Kyle Connor Nikita Kucherov Victor Hedman Roman Josi
Last Minutes Defensive
Center Left Wing Right Wing Defense Defense
Evgeny Kuznetsov Kyle Connor Nikita Kucherov Victor Hedman Roman Josi
Goaltenders
Starting : Andrei Vasilevskiy
Backup : Ilya Samsonov
Extra Forwards
Normal : Jesper Bratt, Tim Stutzle, Nick Schmaltz - PP : Jesper Bratt, Tim Stutzle - PK : Kevin Hayes
Extra Defensemen
Normal : Shea Theodore, Roman Josi, Zach Werenski - PP : Shea Theodore - PK : Roman Josi, Zach Werenski
Penalty Shots
Jakub Vrana, Evgeny Kuznetsov, Tim Stutzle, Shea Theodore, Jesper Bratt
% Time on Ice - Minnesota North Stars
Lines # - Real PCT - Wanted PCT - Time Play
Normal Forward
1 - 32% - 40% - 13:50
2 - 27% - 31% - 11:47
3 - 25% - 24% - 10:39
4 - 15% - 5% - 6:39
Normal Defense
1 - 40% - 40% - 17:16
2 - 30% - 30% - 12:42
3 - 29% - 20% - 12:17
4 - 2% - 10% - 0:40
PP Forward
1 - 57% - 60% - 5:39
2 - 43% - 40% - 4:16
PP Defense
1 - 59% - 60% - 5:50
2 - 41% - 40% - 4:05
PK Forward
1 - 74% - 60% - 4:28
2 - 26% - 40% - 1:32
PK Defense
1 - 59% - 60% - 3:32
2 - 41% - 40% - 2:28
PK3 Forward
1 - 0% - 60%
2 - 0% - 40%
PK3 Defense
1 - 0% - 60%
2 - 0% - 40%
44 Forward
1 - 0% - 60%
2 - 0% - 40%
44 Defense
1 - 0% - 60%
2 - 0% - 40%
Last Minute Offensive - 1:10
Last Minute Defensive - 0:00
Total
Forward - 60:00
Defense - 60:00
|
% Time on Ice - Colorado Rockies
Lines # - Real PCT - Wanted PCT - Time Play
Normal Forward
1 - 32% - 39% - 13:46
2 - 26% - 33% - 11:06
3 - 26% - 20% - 11:13
4 - 17% - 8% - 7:09
Normal Defense
1 - 36% - 36% - 15:34
2 - 30% - 30% - 13:06
3 - 31% - 28% - 13:34
4 - 2% - 6% - 1:00
PP Forward
1 - 49% - 60% - 2:57
2 - 51% - 40% - 3:03
PP Defense
1 - 49% - 60% - 2:56
2 - 51% - 40% - 3:04
PK Forward
1 - 70% - 60% - 6:54
2 - 30% - 40% - 3:01
PK Defense
1 - 71% - 60% - 7:01
2 - 29% - 40% - 2:54
PK3 Forward
1 - 0% - 60%
2 - 0% - 40%
PK3 Defense
1 - 0% - 60%
2 - 0% - 40%
44 Forward
1 - 0% - 60%
2 - 0% - 40%
44 Defense
1 - 0% - 60%
2 - 0% - 40%
Last Minute Offensive - 0:00
Last Minute Defensive - 0:51
Total
Forward - 60:00
Defense - 60:00
|
Play-by-Play
1st period
0:01 of 1st period - Evgeny Kuznetsov wins face-off versus David Perron in neutral zone.
0:12 of 1st period - Snap shot by Nikita Kucherov.
0:12 of 1st period - Shot Misses the Net.
0:14 of 1st period - Slapshot by Zach Werenski.
0:14 of 1st period - Shot Blocked by Rasmus Dahlin.
1:03 of 1st period - Icing by Zdeno Chara.
1:04 of 1st period - Ryan O'Reilly wins face-off versus Adam Lowry in Minnesota North Stars zone.
1:11 of 1st period - Wrist shot by David Pastrnak.
1:11 of 1st period - Shot Blocked by Adam Lowry.
1:43 of 1st period - Slapshot by Jack Hughes.
1:43 of 1st period - Stopped by Andrei Vasilevskiy with a rebound.
1:57 of 1st period - Snap shot by Tim Stutzle.
1:57 of 1st period - Shot Blocked by Jeff Skinner.
1:59 of 1st period - Snap shot by Tim Stutzle.
1:59 of 1st period - Stopped by Antti Raanta without a rebound.
2:00 of 1st period - Dylan Strome wins face-off versus Andrew Poturalski in Minnesota North Stars zone.
2:05 of 1st period - Snap shot by Jesper Bratt.
2:05 of 1st period - Stopped by Antti Raanta without a rebound.
2:06 of 1st period - Ryan O'Reilly wins face-off versus Andrew Poturalski in Minnesota North Stars zone.
3:22 of 1st period - Wrist shot by Jeff Skinner.
3:22 of 1st period - Shot Misses the Net.
3:40 of 1st period - Snap shot by Gustav Nyquist.
3:40 of 1st period - Stopped by Andrei Vasilevskiy with a rebound.
4:02 of 1st period - Nikita Kucherov is hit by Andrew Poturalski and loses puck.
4:09 of 1st period - Conor Sheary is hit by Evgeny Kuznetsov and loses puck.
4:26 of 1st period - Snap shot by Dylan Strome.
4:26 of 1st period - Deflect By Jesper Bratt.
4:26 of 1st period - Deflect By Jonathan Toews.
4:26 of 1st period - Shot Misses the Net.
4:26 of 1st period - Puck is out of play.
4:27 of 1st period - Jonathan Toews wins face-off versus Dylan Strome in Minnesota North Stars zone.
4:52 of 1st period - Snap shot by Jesper Bratt.
4:52 of 1st period - Deflect By Dylan Strome.
4:52 of 1st period - Stopped by Antti Raanta without a rebound.
4:53 of 1st period - Ryan O'Reilly wins face-off versus Evgeni Malkin in Minnesota North Stars zone.
4:54 of 1st period - Slapshot by David Pastrnak.
4:54 of 1st period - Stopped by Antti Raanta without a rebound.
4:55 of 1st period - Ryan O'Reilly wins face-off versus Evgeni Malkin in Minnesota North Stars zone.
4:58 of 1st period - Snap shot by Nick Schmaltz.
4:58 of 1st period - Shot Blocked by Jack Hughes.
5:04 of 1st period - Snap shot by David Pastrnak.
5:04 of 1st period - Stopped by Antti Raanta without a rebound.
5:05 of 1st period - Adam Lowry wins face-off versus Evgeny Kuznetsov in Minnesota North Stars zone.
6:49 of 1st period - Wrist shot by Jesper Bratt.
6:49 of 1st period - Stopped by Antti Raanta with a rebound.
6:59 of 1st period - Jesper Bratt is hit by Adam Lowry and loses puck.
7:10 of 1st period - Wrist shot by Adam Lowry.
7:10 of 1st period - Stopped by Andrei Vasilevskiy without a rebound.
7:11 of 1st period - Ryan O'Reilly wins face-off versus Evgeni Malkin in Colorado Rockies zone.
7:46 of 1st period - Snap shot by Nikita Kucherov.
7:46 of 1st period - Shot Misses the Net.
7:48 of 1st period - Slapshot by Roman Josi.
7:48 of 1st period - Shot Misses the Net.
7:50 of 1st period - Snap shot by Evgeny Kuznetsov.
7:50 of 1st period - Shot Misses the Net.
8:45 of 1st period - Backhand shot by Evgeni Malkin.
8:45 of 1st period - Stopped by Andrei Vasilevskiy without a rebound.
8:46 of 1st period - Ryan O'Reilly wins face-off versus Evgeni Malkin in Colorado Rockies zone.
9:02 of 1st period - Penalty Shot by Nick Schmaltz for Colorado Rockies.
9:02 of 1st period - Wrist shot by Nick Schmaltz.
9:02 of 1st period - Stopped by Antti Raanta.
9:03 of 1st period - Jonathan Toews wins face-off versus Evgeny Kuznetsov in Colorado Rockies zone.
9:03 of 1st period - Snap shot by Viktor Arvidsson.
9:03 of 1st period - Stopped by Andrei Vasilevskiy with a rebound.
9:10 of 1st period - Snap shot by Kyle Connor.
9:10 of 1st period - Shot Blocked by Rasmus Dahlin.
9:12 of 1st period - Snap shot by Nikita Kucherov.
9:12 of 1st period - Shot Misses the Net.
9:16 of 1st period - Wrist shot by Kyle Connor.
9:16 of 1st period - Shot Blocked by Zdeno Chara.
9:20 of 1st period - Snap shot by Nikita Kucherov.
9:20 of 1st period - Stopped by Antti Raanta with a rebound.
9:30 of 1st period - Zdeno Chara is hit by Roman Josi.
9:54 of 1st period - Snap shot by Dylan Strome.
9:54 of 1st period - Shot Misses the Net.
10:16 of 1st period - Slapshot by Jeff Skinner.
10:16 of 1st period - Shot Blocked by Zach Werenski.
10:18 of 1st period - Slapshot by Nick Holden.
10:18 of 1st period - Shot Blocked by Zach Werenski.
10:20 of 1st period - Backhand shot by Viktor Arvidsson.
10:20 of 1st period - Stopped by Andrei Vasilevskiy with a rebound.
10:22 of 1st period - Snap shot by Alex Goligoski.
10:22 of 1st period - Stopped by Andrei Vasilevskiy without a rebound.
10:23 of 1st period - Evgeny Kuznetsov wins face-off versus Evgeni Malkin in Colorado Rockies zone.
10:59 of 1st period - Slapshot by Jakub Vrana.
10:59 of 1st period - Shot Misses the Net.
11:01 of 1st period - Wrist shot by Jakub Vrana.
11:01 of 1st period - Stopped by Antti Raanta with a rebound.
11:03 of 1st period - Slapshot by Kevin Hayes.
11:03 of 1st period - Goal by Kevin Hayes - Minnesota North Stars : 0 - Colorado Rockies : 1.
11:04 of 1st period - Evgeny Kuznetsov wins face-off versus Evgeni Malkin in neutral zone.
12:24 of 1st period - Wrist shot by Conor Sheary.
12:24 of 1st period - Stopped by Andrei Vasilevskiy without a rebound.
12:25 of 1st period - Evgeni Malkin wins face-off versus David Pastrnak in Colorado Rockies zone.
13:16 of 1st period - Nick Holden is hit by Tim Stutzle.
13:52 of 1st period - Wrist shot by Dylan Strome.
13:52 of 1st period - Shot Hit the Post.
14:37 of 1st period - Adam Lowry is hit by Victor Hedman and loses puck.
14:53 of 1st period - Snap shot by Yegor Sharangovich.
14:53 of 1st period - Shot Blocked by Dylan Strome.
14:57 of 1st period - Backhand shot by Gustav Nyquist.
14:57 of 1st period - Shot Blocked by Victor Hedman.
15:01 of 1st period - Wrist shot by Adam Lowry.
15:01 of 1st period - Stopped by Andrei Vasilevskiy without a rebound.
15:02 of 1st period - Ryan O'Reilly wins face-off versus David Perron in Colorado Rockies zone.
15:18 of 1st period - Minor Penalty to Roman Josi for High sticking.
15:19 of 1st period - Evgeni Malkin wins face-off versus Ryan O'Reilly in Colorado Rockies zone.
15:19 of 1st period - Snap shot by Jack Hughes.
15:19 of 1st period - Stopped by Andrei Vasilevskiy with a rebound.
15:23 of 1st period - Snap shot by Jack Hughes.
15:23 of 1st period - Shot Misses the Net.
15:25 of 1st period - Slapshot by Gustav Forsling.
15:25 of 1st period - Stopped by Andrei Vasilevskiy without a rebound.
15:26 of 1st period - Evgeni Malkin wins face-off versus Ryan O'Reilly in Colorado Rockies zone.
15:27 of 1st period - Slapshot by Jack Hughes.
15:27 of 1st period - Shot Blocked by Shea Theodore.
15:33 of 1st period - Wrist shot by Jack Hughes.
15:33 of 1st period - Stopped by Andrei Vasilevskiy without a rebound.
15:34 of 1st period - Ryan O'Reilly wins face-off versus Jack Hughes in Colorado Rockies zone.
16:33 of 1st period - Off-side.
16:34 of 1st period - Jonathan Toews wins face-off versus Kevin Hayes in neutral zone.
17:08 of 1st period - Backhand shot by Nick Bonino.
17:08 of 1st period - Shot Misses the Net.
17:10 of 1st period - Slapshot by Victor Hedman.
17:10 of 1st period - Stopped by Antti Raanta with a rebound.
17:12 of 1st period - Wrist shot by Kyle Connor.
17:12 of 1st period - Shot Blocked by Neal Pionk.
17:18 of 1st period - Penalty to Roman Josi is over, Roman Josi is back on ice.
17:39 of 1st period - Off-side.
17:40 of 1st period - Evgeny Kuznetsov wins face-off versus Adam Lowry in neutral zone.
17:45 of 1st period - Snap shot by Evgeny Kuznetsov.
17:45 of 1st period - Stopped by Antti Raanta without a rebound.
17:46 of 1st period - Evgeni Malkin wins face-off versus Evgeny Kuznetsov in Minnesota North Stars zone.
18:09 of 1st period - Minor Penalty to Shea Theodore for Roughing.
18:10 of 1st period - Evgeni Malkin wins face-off versus Ryan O'Reilly in Colorado Rockies zone.
18:11 of 1st period - Snap shot by Jack Hughes.
18:11 of 1st period - Stopped by Andrei Vasilevskiy with a rebound.
18:13 of 1st period - Slapshot by Rasmus Dahlin.
18:13 of 1st period - Stopped by Andrei Vasilevskiy with a rebound.
18:15 of 1st period - Snap shot by David Perron.
18:15 of 1st period - Shot Blocked by Roman Josi.
Goals for this period are 0 for Minnesota North Stars vs 1 for Colorado Rockies.
Shots for this period are 14 for Minnesota North Stars vs 11 for Colorado Rockies.
2nd period
0:01 of 2nd period - Ryan O'Reilly wins face-off versus Evgeni Malkin in neutral zone.
0:09 of 2nd period - Penalty to Shea Theodore is over, Shea Theodore is back on ice.
0:16 of 2nd period - Wrist shot by Evgeni Malkin.
0:16 of 2nd period - Stopped by Andrei Vasilevskiy with a rebound.
1:29 of 2nd period - Slapshot by Kevin Hayes.
1:29 of 2nd period - Stopped by Antti Raanta with a rebound.
1:31 of 2nd period - Snap shot by Kevin Hayes.
1:31 of 2nd period - Shot Misses the Net.
1:33 of 2nd period - Slapshot by Shea Theodore.
1:33 of 2nd period - Shot Blocked by Andrew Poturalski.
1:35 of 2nd period - Slapshot by Kevin Hayes.
1:35 of 2nd period - Shot Misses the Net.
1:37 of 2nd period - Wrist shot by Kevin Hayes.
1:37 of 2nd period - Deflect By Jakub Vrana.
1:37 of 2nd period - Shot Blocked by Andrew Poturalski.
1:37 of 2nd period - Puck is out of play.
1:38 of 2nd period - Evgeny Kuznetsov wins face-off versus Evgeni Malkin in Minnesota North Stars zone.
1:42 of 2nd period - Minor Penalty to Evgeni Malkin for Tripping.
1:43 of 2nd period - Evgeny Kuznetsov wins face-off versus Jonathan Toews in Minnesota North Stars zone.
1:45 of 2nd period - Snap shot by Evgeny Kuznetsov.
1:45 of 2nd period - Goal by Evgeny Kuznetsov - Minnesota North Stars : 0 - Colorado Rockies : 2.
1:46 of 2nd period - Ryan O'Reilly wins face-off versus Evgeni Malkin in neutral zone.
2:14 of 2nd period - Off-side.
2:15 of 2nd period - Evgeny Kuznetsov wins face-off versus Jonathan Toews in neutral zone.
2:26 of 2nd period - Slapshot by Nikita Kucherov.
2:26 of 2nd period - Stopped by Antti Raanta with a rebound.
3:04 of 2nd period - Off-side.
3:05 of 2nd period - Adam Lowry wins face-off versus Nick Bonino in neutral zone.
3:16 of 2nd period - Snap shot by Gustav Nyquist.
3:16 of 2nd period - Stopped by Andrei Vasilevskiy with a rebound.
3:18 of 2nd period - Minor Penalty to Jakub Vrana for Interference.
3:19 of 2nd period - Evgeni Malkin wins face-off versus Kevin Hayes in Colorado Rockies zone.
4:48 of 2nd period - Jack Hughes is hit by Roman Josi and loses puck.
5:18 of 2nd period - Penalty to Jakub Vrana is over, Jakub Vrana is back on ice.
5:27 of 2nd period - Andrew Poturalski is hit by Kyle Connor and loses puck.
5:34 of 2nd period - Wrist shot by Evgeny Kuznetsov.
5:34 of 2nd period - Shot Misses the Net.
5:36 of 2nd period - Wrist shot by Evgeny Kuznetsov.
5:36 of 2nd period - Stopped by Antti Raanta with a rebound.
5:46 of 2nd period - Adam Lowry is hit by Tim Stutzle and loses puck.
5:53 of 2nd period - Dylan Strome is hit by Adam Lowry and loses puck.
6:11 of 2nd period - Icing by Roman Josi.
6:12 of 2nd period - Nick Bonino wins face-off versus Jonathan Toews in Colorado Rockies zone.
6:19 of 2nd period - Slapshot by Shea Theodore.
6:19 of 2nd period - Shot Misses the Net.
6:21 of 2nd period - Slapshot by Shea Theodore.
6:21 of 2nd period - Stopped by Antti Raanta with a rebound.
6:23 of 2nd period - Slapshot by Shea Theodore.
6:23 of 2nd period - Shot Blocked by Neal Pionk.
8:27 of 2nd period - Neal Pionk is hit by Zach Whitecloud and loses puck.
9:18 of 2nd period - Slapshot by Roman Josi.
9:18 of 2nd period - Shot Misses the Net.
9:20 of 2nd period - Slapshot by Quinn Hughes.
9:20 of 2nd period - Deflect By Kevin Hayes.
9:20 of 2nd period - Stopped by Antti Raanta with a rebound.
9:22 of 2nd period - Wrist shot by Quinn Hughes.
9:22 of 2nd period - Shot Blocked by David Perron.
9:49 of 2nd period - Icing by Evgeni Malkin.
9:50 of 2nd period - Evgeny Kuznetsov wins face-off versus Evgeni Malkin in Minnesota North Stars zone.
10:01 of 2nd period - Snap shot by Kyle Connor.
10:01 of 2nd period - Shot Misses the Net.
10:03 of 2nd period - Wrist shot by Shea Theodore.
10:03 of 2nd period - Shot Hit the Post.
10:05 of 2nd period - Snap shot by Evgeny Kuznetsov.
10:05 of 2nd period - Stopped by Antti Raanta without a rebound.
10:06 of 2nd period - Jonathan Toews wins face-off versus Ryan O'Reilly in Minnesota North Stars zone.
10:18 of 2nd period - Slapshot by Jonathan Toews.
10:18 of 2nd period - Shot Misses the Net.
10:20 of 2nd period - Wrist shot by Jeff Skinner.
10:20 of 2nd period - Shot Blocked by Zach Werenski.
10:22 of 2nd period - Wrist shot by Jeff Skinner.
10:22 of 2nd period - Shot Misses the Net.
10:32 of 2nd period - Adam Lowry is hit by Victor Hedman and loses puck.
10:55 of 2nd period - Rasmus Dahlin is hit by Victor Hedman and loses puck.
11:00 of 2nd period - Wrist shot by Jesper Bratt.
11:00 of 2nd period - Shot Misses the Net.
11:02 of 2nd period - Wrist shot by Tim Stutzle.
11:02 of 2nd period - Stopped by Antti Raanta with a rebound.
11:14 of 2nd period - Icing by Jakub Vrana.
11:15 of 2nd period - Jonathan Toews wins face-off versus Nick Bonino in Colorado Rockies zone.
11:41 of 2nd period - Nick Schmaltz is hit by Jack Hughes and loses puck.
12:02 of 2nd period - Nick Schmaltz is hit by Andrew Poturalski and loses puck.
12:35 of 2nd period - Wrist shot by Nick Schmaltz.
12:35 of 2nd period - Deflect By Andrew Poturalski.
12:35 of 2nd period - Shot Blocked by Nick Holden.
12:35 of 2nd period - Puck is out of play.
12:36 of 2nd period - Evgeni Malkin wins face-off versus Evgeny Kuznetsov in Minnesota North Stars zone.
13:17 of 2nd period - Snap shot by Jack Hughes.
13:17 of 2nd period - Deflect By David Perron.
13:17 of 2nd period - Stopped by Andrei Vasilevskiy with a rebound.
13:27 of 2nd period - Minor Penalty to David Perron for Tripping.
13:28 of 2nd period - Evgeny Kuznetsov wins face-off versus Jonathan Toews in Minnesota North Stars zone.
14:11 of 2nd period - Neal Pionk is hit by Evgeny Kuznetsov and loses puck.
15:27 of 2nd period - Penalty to David Perron is over, David Perron is back on ice.
15:34 of 2nd period - Adam Lowry is hit by Tim Stutzle and loses puck.
16:09 of 2nd period - Conor Sheary is hit by Jakub Vrana and loses puck.
16:22 of 2nd period - Zach Werenski is hit by Jonathan Toews and loses puck.
17:13 of 2nd period - Slapshot by Jakub Vrana.
17:13 of 2nd period - Shot Blocked by Nick Holden.
18:25 of 2nd period - Snap shot by Tim Stutzle.
18:25 of 2nd period - Shot Misses the Net.
18:27 of 2nd period - Snap shot by Jesper Bratt.
18:27 of 2nd period - Stopped by Antti Raanta without a rebound.
18:28 of 2nd period - Adam Lowry wins face-off versus David Pastrnak in Minnesota North Stars zone.
18:33 of 2nd period - David Pastrnak is hit by Adam Lowry and loses puck.
18:40 of 2nd period - Backhand shot by Roman Josi.
18:40 of 2nd period - Shot Misses the Net.
19:14 of 2nd period - Slapshot by David Perron.
19:14 of 2nd period - Shot Misses the Net.
19:46 of 2nd period - Snap shot by Conor Sheary.
19:46 of 2nd period - Goal by Conor Sheary - Minnesota North Stars : 1 - Colorado Rockies : 2.
19:47 of 2nd period - Evgeny Kuznetsov wins face-off versus Evgeni Malkin in neutral zone.
19:56 of 2nd period - Slapshot by Nikita Kucherov.
19:56 of 2nd period - Stopped by Antti Raanta with a rebound.
19:58 of 2nd period - Wrist shot by Nikita Kucherov.
19:58 of 2nd period - Stopped by Antti Raanta without a rebound.
19:59 of 2nd period - Evgeny Kuznetsov wins face-off versus Evgeni Malkin in Minnesota North Stars zone.
Goals for this period are 1 for Minnesota North Stars vs 1 for Colorado Rockies.
Shots for this period are 4 for Minnesota North Stars vs 11 for Colorado Rockies.
3rd period
0:01 of 3rd period - Jack Hughes wins face-off versus Evgeny Kuznetsov in neutral zone.
0:16 of 3rd period - Snap shot by Nikita Kucherov.
0:16 of 3rd period - Stopped by Antti Raanta with a rebound.
0:43 of 3rd period - Minor Penalty to Victor Hedman for Hooking.
0:44 of 3rd period - Evgeni Malkin wins face-off versus Ryan O'Reilly in Colorado Rockies zone.
0:49 of 3rd period - Wrist shot by Jack Hughes.
0:49 of 3rd period - Stopped by Andrei Vasilevskiy without a rebound.
0:50 of 3rd period - Ryan O'Reilly wins face-off versus Evgeni Malkin in Colorado Rockies zone.
1:07 of 3rd period - Slapshot by Jack Hughes.
1:07 of 3rd period - Shot Misses the Net.
2:43 of 3rd period - Penalty to Victor Hedman is over, Victor Hedman is back on ice.
3:21 of 3rd period - Minor Penalty to Nino Niederreiter for Roughing.
3:22 of 3rd period - Jonathan Toews wins face-off versus Evgeny Kuznetsov in Minnesota North Stars zone.
3:26 of 3rd period - Snap shot by Rasmus Dahlin.
3:26 of 3rd period - Shot Blocked by Victor Hedman.
4:32 of 3rd period - Gustav Forsling is hit by Victor Hedman and loses puck.
5:21 of 3rd period - Penalty to Nino Niederreiter is over, Nino Niederreiter is back on ice.
5:27 of 3rd period - Zdeno Chara is hit by David Pastrnak and loses puck.
5:36 of 3rd period - Snap shot by Nino Niederreiter.
5:36 of 3rd period - Deflect By Adam Lowry.
5:36 of 3rd period - Stopped by Andrei Vasilevskiy without a rebound.
5:37 of 3rd period - Andrew Poturalski wins face-off versus Dylan Strome in Colorado Rockies zone.
5:40 of 3rd period - Snap shot by Nino Niederreiter.
5:40 of 3rd period - Stopped by Andrei Vasilevskiy with a rebound.
5:42 of 3rd period - Backhand shot by Nick Holden.
5:42 of 3rd period - Shot Blocked by Shea Theodore.
5:48 of 3rd period - Wrist shot by Nino Niederreiter.
5:48 of 3rd period - Shot Misses the Net.
5:50 of 3rd period - Slapshot by Alex Goligoski.
5:50 of 3rd period - Stopped by Andrei Vasilevskiy without a rebound.
5:51 of 3rd period - Evgeni Malkin wins face-off versus Evgeny Kuznetsov in Colorado Rockies zone.
5:54 of 3rd period - Snap shot by Evgeni Malkin.
5:54 of 3rd period - Deflect By Jack Hughes.
5:54 of 3rd period - Stopped by Andrei Vasilevskiy without a rebound.
5:55 of 3rd period - David Perron wins face-off versus Evgeny Kuznetsov in Colorado Rockies zone.
5:56 of 3rd period - Slapshot by Jack Hughes.
5:56 of 3rd period - Shot Misses the Net.
6:04 of 3rd period - Slapshot by Evgeny Kuznetsov.
6:04 of 3rd period - Stopped by Antti Raanta with a rebound.
6:06 of 3rd period - Slapshot by Zach Whitecloud.
6:06 of 3rd period - Stopped by Antti Raanta with a rebound.
6:08 of 3rd period - Slapshot by Shea Theodore.
6:08 of 3rd period - Deflect By David Perron.
6:08 of 3rd period - Stopped by Antti Raanta without a rebound.
6:09 of 3rd period - Evgeni Malkin wins face-off versus Evgeny Kuznetsov in Minnesota North Stars zone.
6:23 of 3rd period - Minor Penalty to Evgeny Kuznetsov for Interference.
6:24 of 3rd period - Ryan O'Reilly wins face-off versus Evgeni Malkin in Colorado Rockies zone.
7:16 of 3rd period - Penalty Shot by Zach Werenski for Colorado Rockies.
7:16 of 3rd period - Snap shot by Zach Werenski.
7:16 of 3rd period - Stopped by Antti Raanta.
7:17 of 3rd period - Ryan O'Reilly wins face-off versus Evgeni Malkin in Colorado Rockies zone.
8:18 of 3rd period - Jonathan Toews is hit by Roman Josi and loses puck.
8:23 of 3rd period - Penalty to Evgeny Kuznetsov is over, Evgeny Kuznetsov is back on ice.
8:38 of 3rd period - Minor Penalty to Rasmus Dahlin for Holding.
8:39 of 3rd period - Jonathan Toews wins face-off versus Evgeny Kuznetsov in Minnesota North Stars zone.
10:38 of 3rd period - Penalty to Rasmus Dahlin is over, Rasmus Dahlin is back on ice.
10:47 of 3rd period - Slapshot by Nick Holden.
10:47 of 3rd period - Shot Blocked by Victor Hedman.
11:15 of 3rd period - Slapshot by Roman Josi.
11:15 of 3rd period - Shot Blocked by Jeff Skinner.
11:17 of 3rd period - Wrist shot by Nick Bonino.
11:17 of 3rd period - Stopped by Antti Raanta without a rebound.
11:18 of 3rd period - Jonathan Toews wins face-off versus Evgeny Kuznetsov in Minnesota North Stars zone.
11:27 of 3rd period - Slapshot by Evgeny Kuznetsov.
11:27 of 3rd period - Shot Misses the Net.
12:20 of 3rd period - Gustav Forsling is hit by Nick Schmaltz and loses puck.
12:37 of 3rd period - Wrist shot by Evgeny Kuznetsov.
12:37 of 3rd period - Shot Blocked by Jeff Skinner.
12:54 of 3rd period - Kyle Connor is hit by Jack Hughes.
13:06 of 3rd period - Slapshot by Jakub Vrana.
13:06 of 3rd period - Deflect By Evgeni Malkin.
13:06 of 3rd period - Shot Blocked by David Perron.
13:06 of 3rd period - Puck is out of play.
13:07 of 3rd period - Nick Bonino wins face-off versus Gustav Nyquist in Minnesota North Stars zone.
13:18 of 3rd period - Slapshot by Neal Pionk.
13:18 of 3rd period - Shot Misses the Net.
13:20 of 3rd period - Backhand shot by Yegor Sharangovich.
13:20 of 3rd period - Shot Misses the Net.
13:22 of 3rd period - Wrist shot by Gustav Nyquist.
13:22 of 3rd period - Stopped by Andrei Vasilevskiy without a rebound.
13:23 of 3rd period - Evgeni Malkin wins face-off versus Ryan O'Reilly in Colorado Rockies zone.
13:34 of 3rd period - Slapshot by Evgeni Malkin.
13:34 of 3rd period - Shot Blocked by Zach Werenski.
13:36 of 3rd period - Snap shot by Jack Hughes.
13:36 of 3rd period - Shot Misses the Net.
13:38 of 3rd period - Snap shot by Evgeni Malkin.
13:38 of 3rd period - Stopped by Andrei Vasilevskiy without a rebound.
13:39 of 3rd period - Evgeny Kuznetsov wins face-off versus Viktor Arvidsson in Colorado Rockies zone.
14:59 of 3rd period - Snap shot by Viktor Arvidsson.
14:59 of 3rd period - Deflect By Victor Hedman.
14:59 of 3rd period - Shot Blocked by Zach Werenski.
14:59 of 3rd period - Puck is out of play.
15:00 of 3rd period - Evgeni Malkin wins face-off versus Nikita Kucherov in Colorado Rockies zone.
15:03 of 3rd period - Snap shot by Evgeni Malkin.
15:03 of 3rd period - Shot Blocked by Zach Whitecloud.
15:13 of 3rd period - Slapshot by Nikita Kucherov.
15:13 of 3rd period - Stopped by Antti Raanta without a rebound.
15:14 of 3rd period - Evgeny Kuznetsov wins face-off versus Adam Lowry in Minnesota North Stars zone.
16:13 of 3rd period - Gustav Forsling is hit by Ryan O'Reilly and loses puck.
17:12 of 3rd period - Wrist shot by Viktor Arvidsson.
17:12 of 3rd period - Stopped by Andrei Vasilevskiy with a rebound.
17:14 of 3rd period - Wrist shot by Jonathan Toews.
17:14 of 3rd period - Shot Misses the Net.
17:16 of 3rd period - Slapshot by Neal Pionk.
17:16 of 3rd period - Stopped by Andrei Vasilevskiy without a rebound.
17:17 of 3rd period - Dylan Strome wins face-off versus Adam Lowry in Colorado Rockies zone.
17:17 of 3rd period - Dylan Strome is hit by Adam Lowry.
17:48 of 3rd period - Snap shot by Evgeni Malkin.
17:48 of 3rd period - Shot Misses the Net.
17:50 of 3rd period - Slapshot by Zdeno Chara.
17:50 of 3rd period - Shot Blocked by Evgeny Kuznetsov.
17:52 of 3rd period - Wrist shot by Jack Hughes.
17:52 of 3rd period - Stopped by Andrei Vasilevskiy with a rebound.
17:54 of 3rd period - Slapshot by Zdeno Chara.
17:54 of 3rd period - Stopped by Andrei Vasilevskiy with a rebound.
18:12 of 3rd period - Icing by Jakub Vrana.
18:13 of 3rd period - Adam Lowry wins face-off versus Nick Bonino in Colorado Rockies zone.
18:26 of 3rd period - Wrist shot by Yegor Sharangovich.
18:26 of 3rd period - Shot Misses the Net.
18:28 of 3rd period - Slapshot by Nick Holden.
18:28 of 3rd period - Deflect By Gustav Nyquist.
18:28 of 3rd period - Deflect By Jakub Vrana.
18:28 of 3rd period - Shot Blocked by Zach Whitecloud.
18:28 of 3rd period - Puck is out of play.
18:29 of 3rd period - Dylan Strome wins face-off versus Evgeni Malkin in Colorado Rockies zone.
19:00 of 3rd period - Minnesota North Stars, Antti Raanta is pulled from the net.
19:06 of 3rd period - Wrist shot by David Perron.
19:06 of 3rd period - Shot Misses the Net.
19:08 of 3rd period - Wrist shot by Jack Hughes.
19:08 of 3rd period - Stopped by Andrei Vasilevskiy without a rebound.
19:09 of 3rd period - John Tortorella call a timeout for Minnesota North Stars.
19:09 of 3rd period - Evgeny Kuznetsov wins face-off versus Evgeni Malkin in Colorado Rockies zone.
19:09 of 3rd period - Evgeny Kuznetsov is hit by David Perron.
19:31 of 3rd period - Snap shot by David Perron.
19:31 of 3rd period - Shot Misses the Net.
19:33 of 3rd period - Slapshot by Jack Hughes.
19:33 of 3rd period - Shot Misses the Net.
19:35 of 3rd period - Wrist shot by Rasmus Dahlin.
19:35 of 3rd period - Stopped by Andrei Vasilevskiy with a rebound.
19:57 of 3rd period - Snap shot by Jack Hughes.
19:57 of 3rd period - Shot Misses the Net.
19:59 of 3rd period - Snap shot by Evgeni Malkin.
19:59 of 3rd period - Deflect By Jack Hughes.
19:59 of 3rd period - Shot Blocked by Roman Josi.
19:59 of 3rd period - Puck is out of play.
Goals for this period are 0 for Minnesota North Stars vs 0 for Colorado Rockies.
Shots for this period are 13 for Minnesota North Stars vs 6 for Colorado Rockies.
Back to the Top